 Dungeon Crawl Stone Soup version 0.22.1-6-g1668fe2 (webtiles) character file.

104 DarkinPup the Slasher (level 4, -8/34 HPs)
             Began as a Demonspawn Gladiator on Feb 2, 2019.
             Killed by divine providence
             ... invoked by an orc priest
              (13 damage)
             ... on level 3 of the Dungeon.
             The game lasted 00:03:28 (1828 turns).

DarkinPup the Slasher (Demonspawn Gladiator)        Turns: 1828, Time: 00:03:29

Health: -8/34      AC:  6    Str: 15    XL:     4   Next: 52%
Magic:  4/4        EV: 12    Int:  9    God:    Xom [..*...]
Gold:   150        SH:  3    Dex: 15    Spells: 3/3 levels left

rFire    . . .     SeeInvis .   a - +0 long sword
rCold    . . .     Gourm    .   p - +0 buckler
rNeg     . . .     Faith    .   b - +0 leather armour
rPois    .         Spirit   .   c - +0 helmet
rElec    .         Reflect  .   (no cloak)
rCorr    .         Harm     .   (no gloves)
MR       .....                  (no boots)
Stlth    +.........             (no amulet)
HPRegen  0.11/turn              (no ring)
MPRegen  0.09/turn              (no ring)

@: no status effects
A: iridescent scales 1, demonic guardian 1, powered by pain 1
a: Renounce Religion


You were on level 3 of the Dungeon.
You worshipped Xom.
You were a toy of Xom.
You were not hungry.

You visited 1 branch of the dungeon, and saw 3 of its levels.

You collected 150 gold pieces.

Inventory:

Hand Weapons
 a - a +0 long sword (weapon)
Missiles
 d - 3 throwing nets (quivered)
Armour
 b - a +0 leather armour (worn)
 c - a +0 helmet (worn)
 p - a +0 buckler (worn)
Scrolls
 g - a scroll of fog {unknown}
 h - a scroll of enchant weapon {unknown}
 i - 2 scrolls of identify {unknown}
 j - 3 scrolls of teleportation {unknown}
 k - a scroll of remove curse {unknown}
 m - a scroll of fear {unknown}
 q - a scroll of random uselessness {unknown}
Potions
 e - 4 potions of curing {unknown}
 l - a potion of haste {unknown}
 n - 3 potions of brilliance {unknown}
Comestibles
 f - 3 rations
 o - a chunk of flesh


   Skills:
 * Level 2.8 Fighting
 + Level 4.0 Long Blades
 - Level 1.7 Throwing
 * Level 3.3 Dodging


You had 3 spell levels left.
You didn't know any spells.
Your spell library was empty.

Dungeon Overview and Level Annotations

Branches:
Dungeon (3/15)

Altars:
Gozag
Xom


Innate Abilities, Weirdness & Mutations

You are partially covered in iridescent scales. (AC +2)
A weak demonic guardian rushes to your aid.
You sometimes gain a little power by taking damage.


Message History

The orc throws a tomahawk.
The tomahawk misses your quasit. You block the tomahawk.
Your quasit bites the orc priest but does no damage.
Your quasit barely misses the orc priest.
Your quasit closely misses the orc priest.
You see here a tomahawk.
Your quasit disappears in a puff of smoke!
The adder completely misses your butterfly.
Something misses your butterfly.
Something completely misses your butterfly.
The orc priest looks encouraged for a moment.
An orc priest comes into view.
You see here a tomahawk.
The orc closely misses your butterfly.
The adder completely misses your butterfly.
The adder closely misses your butterfly.
The orc priest mumbles some strange prayers to Beogh against you.
Beogh smites you!
You die...
Xom titters!

######.........#######...#
#.# #
###.#####.....)###>.####.#
#.# ######.......(...# #.#
################# #.#
#.......o.o.... #.#
###...#So.#...# #.#
#..(b(bob......( #.#
#.#(..#o..#...#. #.####.#
#..@...........)
###......#####.##############
.######..#.....# ...#
##.<.########### ##...
#...####......# # ##
........#......##. #
#....##............ # #....#
........(.# # #....#
#........#


You could see 2 orc priests, an adder and 2 orcs.

Vanquished Creatures
  An adder (D:2)
  A gnoll (D:3)
  A worm (D:3)
  2 dart slugs
  2 leopard geckos
  A ball python (D:2)
  6 giant cockroaches
  9 goblins
  7 hobgoblins
  2 quokkas (D:2)
  5 bats
  2 frilled lizards
  7 kobolds
  9 rats
55 creatures vanquished.

Vanquished Creatures (collateral kills)
  2 gnolls (D:3)
  An adder (D:3)
3 creatures vanquished.

Grand Total: 58 creatures vanquished

Notes
Turn   | Place    | Note
-------+----------+-------------------------------------------
     0 | D:1      | DarkinPup the Demonspawn Gladiator began the quest for the
                  | Orb.
     0 | D:1      | Reached XP level 1. HP: 16/16 MP: 1/1
   152 | D:1      | Gained mutation: You are partially covered in iridescent
                  | scales. (AC +2) [demonic ancestry]
   152 | D:1      | Reached XP level 2. HP: 18/22 MP: 2/2
   170 | D:1      | Reached skill level 3 in Long Blades
   561 | D:1      | Gained mutation: A weak demonic guardian rushes to your
                  | aid. [demonic ancestry]
   561 | D:1      | Reached XP level 3. HP: 25/28 MP: 3/3
  1286 | D:3      | Gained mutation: You sometimes gain a little power by
                  | taking damage. [demonic ancestry]
  1286 | D:3      | Reached XP level 4. HP: 34/34 MP: 4/4
  1330 | D:3      | Reached skill level 4 in Long Blades
  1636 | D:3      | Found a faded altar of an unknown god.
  1649 | D:3      | Found an opulent altar of Gozag.
  1744 | D:3      | Became a worshipper of Xom of Chaos
  1821 | D:3      | XOM: butterfly on damage
  1828 | D:3      | Killed from afar by an orc priest

Skill      XL: |  1  2  3  4 |
---------------+-------------+-----
Long Blades    | 3 4 |  4.0
Dodging        | 3 |  3.3
Fighting       | |  2.8
Throwing       | |  1.7

Action                   |  1- 3 |  4- 6 || total
-------------------------+-------+-------++-------
Melee: Long sword        |   121 |    34 ||   155
 Stab: Sleeping          |     1 |       ||     1
       Distracted        |       |     1 ||     1
  Eat: Chunk             |     1 |     2 ||     3
Armor: Leather armour    |    45 |     7 ||    52
Dodge: Dodged            |   109 |    22 ||   131
Block: Buckler           |       |     1 ||     1
       Rpst.: Long sword |    36 |     3 ||    39
